 Dungeon Crawl Stone Soup version 0.26-a0-660-gc07710193c (webtiles) character file.

Game seed: 10031673766068084818

422988 sahdkjhfkaj the Hoplite (level 22, -45/189 HPs)
             Began as a Minotaur Berserker on Oct 5, 2020.
             Was a High Priest of Trog.
             Killed from afar by a deep elf annihilator (86 damage)
             ... with a crystal spear
             ... on level 3 of the Elven Halls.
             The game lasted 01:30:28 (63436 turns).

sahdkjhfkaj the Hoplite (Minotaur Berserker)       Turns: 63436, Time: 01:30:29

Health: -45/189    AC: 20    Str: 39    XL:     22   Next: 37%
Magic:  7/7        EV: 18    Int:  2    God:    Trog [*****.]
Gold:   3605       SH: 33    Dex: 12    Spells: 21/21 levels left

rFire    + . .     SeeInvis .   b - +7 broad axe (antimagic)
rCold    + . .     Faith    .   w - +1 tower shield "Geptuhe" {MR+}
rNeg     . . .     Spirit   .   B - +0 plate armour
rPois    .         Reflect  +   (helmet unavailable)
rElec    +         Harm     .   (no cloak)
rCorr    .         Rampage  .   H - +0 pair of gloves of Eckuc {rF+ Str+7}
MR       ++++.                  (no boots)
Stlth    ..........             M - amulet of reflection
HPRegen  1.41/turn              j - ring of Incredulity {rC+ Str+4}
MPRegen  0.10/turn              L - ring of Xiocyucw {+Fly rElec Str-4 Int-2}

@: regenerating (expiring)
A: retaliatory headbutt, horns 3, agile 1, frail 1, mutation resistance 1, sense
surroundings 1
}: 3/15 runes: serpentine, barnacled, slimy
a: Berserk, Trog's Hand, Brothers in Arms, Renounce Religion, Evoke Flight


You were on level 3 of the Elven Halls.
You worshipped Trog.
Trog was extremely pleased with you.
You visited 8 branches of the dungeon, and saw 43 of its levels.
You visited the Abyss 1 time.
You also visited: Sewer.

You collected 4298 gold pieces.
You spent 693 gold pieces at shops.

Inventory:

Hand Weapons
 a - a +9 vorpal broad axe
 b - a +7 antimagic broad axe (weapon)
Missiles
 m - 12 throwing nets (quivered)
Armour
 n - the +2 ratskin cloak {*Rats rPois rN+ Str-1 Int-1 Dex+1}
   (You found it on level 6 of the Lair of Beasts)

   It affects your strength (-1).
   It affects your intelligence (-1).
   It affects your dexterity (+1).
   It protects you from poison.
   It protects you from negative energy.
 w - the +1 tower shield "Geptuhe" (worn) {MR+}
   (You acquired it on level 1 of the Elven Halls)

   It affects your resistance to hostile enchantments.
 B - a +0 plate armour (worn)
 H - the +0 pair of gloves of Eckuc (worn) {rF+ Str+7}
   (You bought it in a shop on level 2 of the Orcish Mines)

   It affects your strength (+7).
   It protects you from fire.
Jewellery
 j - the ring of Incredulity (left hand) {rC+ Str+4}
   (You found it on level 5 of the Pits of Slime)

   [ring of protection from cold]

   It affects your strength (+4).
   It protects you from cold.
 F - the ring "Ahopnouw" {+Fly rC- MR++ Dex+6}
   (You found it on level 2 of the Vaults)

   [ring of flight]

   It affects your dexterity (+6).
   It makes you vulnerable to cold.
   It affects your resistance to hostile enchantments.
   It lets you fly.
 L - the ring of Xiocyucw (right hand) {+Fly rElec Str-4 Int-2}
   (You bought it in a shop on level 9 of the Dungeon)

   [ring of strength]

   It affects your strength (-4).
   It affects your intelligence (-2).
   It insulates you from electricity.
   It lets you fly.
 M - an amulet of reflection (around neck)
Wands
 e - a wand of random effects (58)
 l - a wand of disintegration (43)
 r - a wand of acid (18)
 y - a wand of enslavement (15)
 C - a wand of paralysis (52)
 J - a wand of iceblast (25)
 Z - a wand of digging (11)
Scrolls
 d - 12 scrolls of enchant armour
 g - 23 scrolls of remove curse
 o - 5 scrolls of immolation
 s - 11 scrolls of identify
 v - a scroll of brand weapon
 x - 14 scrolls of fog
 z - 2 scrolls of holy word
 D - 6 scrolls of fear
 K - a scroll of enchant weapon
 P - a scroll of torment
 R - 3 scrolls of vulnerability
 S - 3 scrolls of summoning
 V - 2 scrolls of silence
Potions
 f - a potion of mutation
 i - 6 potions of magic
 k - 2 potions of curing
 p - 4 potions of resistance
 q - 14 potions of ambrosia
 A - 7 potions of lignification
 E - 2 potions of haste
 G - 5 potions of flight
 I - 5 potions of cancellation
 U - 3 potions of invisibility
 W - a potion of might
Miscellaneous
 c - a phial of floods
 N - a condenser vane (2/2)
 X - a phantom mirror


   Skills:
 + Level 20.9 Fighting
 - Level 18.0 Axes
 + Level 18.8 Armour
 + Level 17.5 Dodging
 * Level 21.7 Shields
 - Level 13.9 Evocations


You had 21 spell levels left.
You didn't know any spells.
Your spell library was empty.

Dungeon Overview and Level Annotations

Branches:
Dungeon (15/15)            Temple (0/1) D:7            Lair (6/6) D:11
 Shoals (4/4) Lair:4        Snake (4/4) Lair:4        Slime (5/5) Lair:5
    Orc (2/2) D:9             Elf (3/3) Orc:2        Vaults (4/5) D:13
  Crypt (0/3) Vaults:2     Depths (0/5) D:15          Sewer (visited)

Altars:
Okawaru
Qazlal
Sif Muna
Trog
Vehumet
Jiyva

Shops:
D:7 =   D:9 *[=*   D:10 :   D:14 !   D:15 (   Orc:1 !   Orc:2 [}?*   Elf:1 !
Vaults:4 *

Annotations:
D:15 1 runed translucent door, ZLogic's ghost, journeyman SpEn
Snake:2 exclusion: oklob plant
Vaults:1 exclusion: obsidian statue


Innate Abilities, Weirdness & Mutations

You reflexively headbutt those who attack you in melee.
You have a pair of large horns on your head.
You are agile. (Dex +2)
You are frail. (-10% HP)
You are somewhat resistant to further mutation.
You passively map a small area around you.


Message History

Unknown command.
You slash the deep elf mage!
The deep elf mage's magic leaks into the air.
You headbutt the deep elf mage!
You kill the deep elf mage!
Trog accepts your kill.
Trog appreciates your killing of a magic user.
The chaos spawn degenerates into a cloud of primal chaos!
You feel better.
You feel the effects of Trog's Hand fading.
The deep elf annihilator gestures at you while chanting.
The iron shot reflects off an invisible shield around you!
The iron shot hits the deep elf annihilator!!
Unknown command.
You feel better.
You block the deep elf annihilator's attack.
Unknown command.
The deep elf annihilator casts a spell at you.
The crystal spear hits you!!!!
You die...

, , , , , ,, ### e ,
###)### #.##
##.)..)## *
....#*,,###).###[[###
(....####.).## ##}[.#
........#)### ###)#
,, .......)#@## ##.#
, (⌠....()e).# #.)#
......e)#.## ##.#
...(..e.#}### ###/#
........#(..## ##.).#
*
.....######:)###.)###
....# ##.()..## #.##
###.### ## ###


You could see 2 deep elf annihilators and a deep elf archer (repels missiles).

Vanquished Creatures
  Mara (Shoals:4)
  Nikola (Elf:1)
  A lich (Vaults:3)
  2 deep elf blademasters (Elf:3)
  2 deep elf master archers (Elf:3)
  Asterion (Snake:1)
  A tentacled starspawn (Abyss:2)
  12 acid blobs
  Polyphemus (Shoals:2)
  Kirke (D:12)
  Frances (D:12)
  Agnes (Snake:2)
  Gastronok (D:10)
  3 tengu reavers
  A revenant (Abyss:2)
  Ilsuiw (Shoals:2)
  Donald (Snake:1)
  Roxanne (Elf:3)
  2 frost giants
  7 azure jellies
  13 vault wardens
  A storm dragon (Vaults:4)
  3 nagarajas
  4 deep elf sorcerers
  2 fire giants
  2 deep elf elementalists (Elf:3)
  13 ironheart preservers
  4 stone giants
  6 deep elf demonologists (Elf:3)
  Azrael (Orc:2)
  2 war gargoyles (Vaults:4)
  An entropy weaver (Vaults:4)
  12 deep elf annihilators (Elf:3)
  6 merfolk javelineers
  5 death oozes
  2 ettins
  Snorg (D:14)
  2 fire dragons
  4 yaktaur captains
  4 deep elf death magi
  Josephine (D:12)
  2 deep elf high priests (Elf:3)
  15 merfolk impalers
  7 great orbs of eyes
  A hydra (D:15)
  5 vault guards
  6 naga warriors
  2 ice dragons
  2 peacekeepers (Vaults:1)
  3 rakshasas
  4 boulder beetles
  6 anacondas
  3 merfolk avatars (Shoals:4)
  4 death knights
  11 centaur warriors
  4 catoblepae
  An alligator snapping turtle (Shoals:4)
  6 merfolk aquamancers
  5 ogre magi
  15 two-headed ogres
  27 dancing weapons
  A satyr (Shoals:4)
  9 death yaks
  6 deep troll shamans
  4 deep troll earth magi
  3 thrashing horrors (Abyss:2)
  Urug (D:13)
  2 tengu warriors (D:15)
  10 naga sharpshooters
  3 shock serpents
  An orc high priest (Orc:2)
  Sonja (D:12)
  6 hell knights (Vaults:2)
  19 deep elf knights
  2 shadow wraiths
  2 wretched stars (Abyss:2)
  A storm dragon zombie (Vaults:2)
  Nergalle (D:10)
  3 unseen horrors
  4 glowing orange brains
  6 skeletal warriors
  9 sea snakes
  A spatial maelstrom (Abyss:2)
  An entropy weaver zombie (Vaults:2)
  13 deep trolls
  9 deep elf archers
  10 starcursed masses (Abyss:2)
  5 naga ritualists
  22 harpies
  7 large abominations (Abyss:2)
  A phantasmal warrior (Vaults:4)
  3 wizards
  16 orc knights
  24 ironbrand convokers
  7 necromancers
  8 mana vipers
  3 fauns (Shoals:4)
  A wolf spider (shapeshifter) (Vaults:3)
  54 deep elf magi
  A cyclops (shapeshifter) (D:15)
  8 orc sorcerers
  3 oklob plants (Lair:5)
  3 wolf spiders
  2 orb spiders (shapeshifter)
  6 salamanders
  A tengu skeleton (Vaults:3)
  6 shining eyes
  11 manticores
  A fire giant zombie (Vaults:4)
  35 ugly things
  10 cyclopes
  A stone giant zombie (Abyss:2)
  6 merfolk sirens
  A worldbinder (Abyss:2)
  3 guardian serpents
  9 elephants
  2 stone giant skeletons (Vaults:4)
  8 vault sentinels
  A torpor snail (Lair:3)
  24 black mambas
  14 naga magi
  2 eyes of devastation (Slime:5)
  A gargoyle (D:9)
  A water nymph (Shoals:4)
  14 cane toads
  2 apocalypse crabs (Abyss:2)
  A smoke demon (Abyss:2)
  A fire giant skeleton (Abyss:2)
  A human zombie (Vaults:4)
  34 yaktaurs
  3 kobold demonologists
  A rime drake (shapeshifter) (Vaults:2)
  An efreet (D:15)
  A rime drake (Lair:6)
  3 freezing wraiths
  11 komodo dragons
  2 ice devils (Lair:1)
  A demonic crawler (Abyss:2)
  An ancient zyme (Abyss:2)
  A polar bear (shapeshifter) (Vaults:2)
  4 tengu conjurers
  2 human skeletons
  A queen bee (shapeshifter) (Vaults:1)
  11 trolls
  2 meliai (Lair:5)
  A wind drake (shapeshifter) (Vaults:2)
  A jumping spider (shapeshifter) (Vaults:4)
  3 hornets
  6 polar bears
  26 merfolk
  14 blink frogs
  7 snapping turtles
  6 dream sheep
  6 wind drakes
  An ettin zombie (Vaults:4)
  3 raiju (Abyss:2)
  2 redbacks (Vaults:4)
  53 slime creatures
  11 wyverns
  4 flying skulls (D:10)
  13 wraiths
  2 air elementals (Elf:2)
  A tarantella (Vaults:4)
  15 water elementals
  2 fire bats (Abyss:2)
  12 shadows
  9 fire elementals
  2 vampires
  7 basilisks
  3 hogs (D:12)
  A basilisk (shapeshifter) (Vaults:4)
  48 yaks
  5 vampire mosquitoes
  6 small abominations (Abyss:2)
  2 neqoxecs (Abyss:2)
  A golden eye (Slime:5)
  A golden eye (shapeshifter) (Vaults:3)
  A hog (shapeshifter) (Vaults:2)
  A chaos spawn (Abyss:2)
  30 nagas
  A naga (shapeshifter) (Abyss:2)
  8 wargs
  A soldier ant (shapeshifter) (Vaults:4)
  15 water moccasins
  3 acid dragons
  4 hell hounds
  30 orc warriors
  Duvessa (D:6)
  3 black bears
  5 sky beasts
  3 ice beasts
  An elf zombie (Vaults:4)
  A phantom (D:10)
  3 ettin simulacra
  A hornet zombie (D:15)
  7 necrophages
  5 eyes of draining
  14 ogres
  16 wolves
  3 boggarts (Vaults:1)
  20 centaurs
  6 big kobolds
  22 bullfrogs
  A gnoll sergeant (D:10)
  3 earth elementals (Elf:2)
  2 wyvern zombies
  Dowan (D:6)
  5 scorpions
  3 human simulacra
  27 wights
  29 killer bees
  2 howler monkeys
  2 electric eels (D:14)
  A quasit (D:14)
  3 bullfrog zombies (D:10)
  7 jellies
  7 centaur zombies
  6 hounds
  3 bullfrog skeletons
  7 centaur skeletons
  26 orc priests
  39 orc wizards
  An iguana (D:13)
  2 iron imps (Abyss:2)
  Terence (D:2)
  13 worker ants
  2 killer bee zombies (D:10)
  A hound skeleton (D:11)
  A howler monkey zombie (D:10)
  4 worker ant zombies
  6 gnolls
  A gnoll (shapeshifter) (Vaults:2)
  14 adders
  A shadow imp (D:10)
  4 white imps
  5 ufetubi
  2 oozes
  An adder zombie (D:9)
  2 adder skeletons
  3 worms
  2 dart slugs
  5 leopard geckos
  111 orcs
  6 giant cockroaches
  3 goblins
  5 hobgoblins
  15 jackals
  14 kobolds
  4 quokkas
  7 ball pythons
  5 bats
  7 frilled lizards
  A kobold (shapeshifter) (Vaults:2)
  A leopard gecko skeleton (D:6)
  A leopard gecko zombie (D:8)
  5 rats
  2 crawling corpses (Vaults:1)
1708 creatures vanquished.

Vanquished Creatures (collateral kills)
  the Royal Jelly (Slime:5)
  An acid blob (Slime:5)
  An azure jelly (Slime:5)
  4 hydras
  2 boulder beetles
  3 oklob plants
  A cane toad (Lair:4)
  A komodo dragon (Lair:5)
  A merfolk (Lair:4)
  A meliai (Lair:5)
  A queen bee (Lair:5)
  A troll (D:14)
  A basilisk (Lair:4)
  A fire bat (Abyss:2)
  A hornet zombie (D:11)
  3 killer bees (Lair:5)
  A wight (D:14)
  An adder (D:11)
  A plant (Lair:1)
27 creatures vanquished.

Vanquished Creatures (others)
  A lich (Vaults:3)
  A merfolk aquamancer (Shoals:4)
  A dancing weapon (Elf:2)
  A deep elf knight (Elf:3)
  A wizard (Vaults:1)
  A deep elf mage (Elf:1)
  2 golden eyes (Abyss:2)
  3 killer bees (Lair:5)
  2 orc wizards (Orc:2)
  29 fungi
  145 plants
187 creatures vanquished.

Grand Total: 1922 creatures vanquished

Notes
Turn   | Place    | Note
-------+----------+-------------------------------------------
     0 | D:1      | sahdkjhfkaj the Minotaur Berserker began the quest for the
                  | Orb.
     0 | D:1      | Reached XP level 1. HP: 19/19 MP: 0/0
    41 | D:1      | Reached XP level 2. HP: 18/27 MP: 1/1
  1092 | D:2      | Noticed Terence
  1106 | D:2      | Killed Terence
  1106 | D:2      | Reached XP level 3. HP: 30/33 MP: 2/2
  1337 | D:2      | Reached ** piety under Trog
  1362 | D:2      | Reached XP level 4. HP: 30/40 MP: 3/3
  1810 | D:2      | Found a radiant altar of Vehumet.
  2199 | D:3      | Reached skill level 1 in Shields
  2401 | D:4      | Found a glowing drain.
  2411 | Sewer    | Entered a sewer
  2425 | Sewer    | Reached skill level 5 in Axes
  2556 | Sewer    | Reached XP level 5. HP: 47/47 MP: 4/4
  2594 | Sewer    | Reached skill level 2 in Shields
  2650 | Sewer    | Reached XP level 6. HP: 48/53 MP: 5/5
  3172 | D:4      | Reached skill level 3 in Shields
  3260 | D:4      | You fall into a shaft and drop 2 floors!
  3307 | D:6      | Reached skill level 5 in Fighting
  3415 | D:5      | Entered Level 5 of the Dungeon
  3463 | D:4      | Reached XP level 7. HP: 61/61 MP: 6/6
  3765 | D:4      | Reached skill level 4 in Shields
  3937 | D:4      | Reached *** piety under Trog
  4934 | D:6      | Noticed Duvessa
  4934 | D:6      | Noticed Dowan
  4942 | D:6      | Killed Duvessa
  4942 | D:6      | Reached skill level 5 in Shields
  4942 | D:6      | Reached XP level 8. HP: 70/70 MP: 7/7
  4944 | D:6      | Killed Dowan
  4945 | D:6      | Reached skill level 5 in Armour
  5249 | D:6      | Reached skill level 6 in Shields
  5411 | D:6      | Reached **** piety under Trog
  5411 | D:6      | Reached skill level 5 in Dodging
  5471 | D:6      | Found a stormy altar of Qazlal.
  5668 | D:7      | Reached XP level 9. HP: 47/78 MP: 8/8
  5817 | D:7      | Reached skill level 7 in Shields
  6023 | D:7      | Found a staircase to the Ecumenical Temple.
  6112 | D:7      | You fall into a shaft and drop 1 floor!
  6334 | D:7      | Found Lozxa's Jewellery Shoppe.
  6603 | D:8      | Reached skill level 8 in Shields
  6960 | D:8      | Found a bloodstained altar of Trog.
  7260 | D:9      | Found a staircase to the Orcish Mines.
  7297 | D:9      | Noticed a two-headed ogre
  7300 | D:9      | Reached ***** piety under Trog
  7350 | D:9      | Reached skill level 10 in Axes
  7843 | D:9      | Found Wyvucs's Armour Emporium.
  7869 | D:9      | Reached XP level 10. HP: 56/86 MP: 9/9
  8159 | D:9      | Reached skill level 9 in Shields
  8239 | D:9      | Found Ulielete's Assorted Antiques.
  8561 | D:9      | Killed a two-headed ogre
  8640 | D:9      | Found Zunusac's General Store.
  8702 | D:9      | Noticed a gargoyle
  8725 | D:9      | HP: 3/132 [gargoyle/stone arrow (20)]
  8726 | D:9      | Killed a gargoyle
  9096 | D:9      | Found Pibakex's Jewellery Boutique.
  9381 | D:10     | Entered Level 10 of the Dungeon
  9424 | D:10     | Reached skill level 10 in Shields
  9646 | D:10     | Noticed Gastronok
  9662 | D:10     | Killed Gastronok
  9662 | D:10     | Reached XP level 11. HP: 95/95 MP: 10/10
  9745 | D:10     | Noticed a cyan ugly thing
 10018 | D:9      | Bought the cursed ring of Xiocyucw {+Fly rElec Str-4 Int-2}
                  | for 100 gold pieces
 10103 | D:10     | Received a gift from Trog
 10456 | D:10     | Reached skill level 1 in Evocations
 10893 | D:10     | Reached skill level 5 in Evocations
 10959 | D:10     | Noticed a necromancer
 10968 | D:10     | Killed a necromancer
 10968 | D:10     | Reached skill level 11 in Shields
 10977 | D:10     | Noticed Nergalle
 11121 | D:10     | Killed Nergalle
 11420 | D:10     | Noticed a two-headed ogre
 11429 | D:10     | Killed a two-headed ogre
 11578 | D:10     | Noticed a two-headed ogre
 11579 | D:10     | Found Boetiwal's Book Shop.
 11588 | D:10     | Killed a two-headed ogre
 11595 | D:10     | Reached XP level 12. HP: 105/105 MP: 11/11
 12540 | D:11     | Reached skill level 12 in Shields
 12540 | D:11     | Noticed a boulder beetle
 13051 | D:11     | Noticed a centaur warrior
 13061 | D:11     | Killed a centaur warrior
 13083 | D:11     | Reached skill level 10 in Fighting
 13127 | D:11     | Killed a boulder beetle
 13404 | D:11     | Identified the Compendium of Feathery Envenoming
 13731 | D:11     | Found a staircase to the Lair.
 13869 | Lair:1   | Entered Level 1 of the Lair of Beasts
 14161 | Lair:1   | Found a frozen archway.
 14291 | Lair:1   | Reached skill level 10 in Armour
 14329 | Lair:1   | Reached skill level 13 in Shields
 14735 | Lair:1   | Reached XP level 13. HP: 111/114 MP: 12/12
 16848 | Lair:3   | Received a gift from Trog
 17577 | Lair:4   | Reached skill level 10 in Dodging
 17697 | Lair:4   | Reached skill level 14 in Shields
 17765 | Lair:4   | Found a staircase to the Snake Pit.
 17976 | Lair:4   | Found a staircase to the Shoals.
 18927 | Lair:5   | Received a gift from Trog
 19125 | Lair:5   | Reached XP level 14. HP: 124/124 MP: 13/13
 20049 | Lair:5   | Found a staircase to the Slime Pits.
 21162 | Lair:6   | Entered Level 6 of the Lair of Beasts
 21909 | Lair:6   | Found a shimmering blue altar of Sif Muna.
 23249 | Lair:6   | Reached skill level 10 in Evocations
 23249 | Lair:6   | Reached skill level 15 in Axes
 23383 | Lair:6   | Found the +2 ratskin cloak {*Rats rPois rN+ Str-1 Int-1
                  | Dex+1}
 23877 | Orc:1    | Entered Level 1 of the Orcish Mines
 24070 | Orc:1    | Found Koakhaagh's Distillery.
 24282 | Orc:2    | Entered Level 2 of the Orcish Mines
 24501 | Orc:2    | Found a staircase to the Elven Halls.
 24579 | Orc:2    | Noticed Azrael
 24601 | Orc:2    | Killed Azrael
 25290 | Orc:2    | Received a gift from Trog
 25333 | Orc:2    | Found Giruung's Gadget Emporium.
 25333 | Orc:2    | Found Kagularu's General Store.
 25333 | Orc:2    | Found Batef's Magic Scroll Shoppe.
 25366 | Orc:2    | Found Deteh's Armour Emporium.
 25370 | Orc:2    | Bought a scroll of blinking for 97 gold pieces
 25371 | Orc:2    | Bought the cursed +0 pair of gloves of Eckuc {rF+ Str+7}
                  | for 302 gold pieces
 25733 | D:12     | Noticed Sonja
 25760 | D:12     | Reached skill level 15 in Shields
 25790 | D:12     | Killed Sonja
 25790 | D:12     | Reached XP level 15. HP: 132/132 MP: 14/14
 25896 | D:12     | Noticed Frances
 26134 | D:12     | Noticed Kirke
 26152 | D:12     | Killed Kirke
 26568 | D:12     | Noticed Josephine
 26581 | D:12     | Killed Josephine
 26813 | D:12     | Killed Frances
 27110 | D:13     | Received a gift from Trog
 27147 | D:13     | Noticed Urug
 27154 | D:13     | Killed Urug
 27892 | D:13     | Found a gate to the Vaults.
 28364 | D:14     | Found Qiteqi Xiec's Distillery.
 28434 | D:14     | Noticed Snorg
 28455 | D:14     | Killed Snorg
 29545 | D:15     | Entered Level 15 of the Dungeon
 29634 | D:15     | Received a gift from Trog
 30111 | D:15     | Got a faintly glowing war axe {god gift}
 30111 | D:15     | Identified the +10 war axe "Ojif" {flame, rF+ Str+3 Stlth+}
                  | (Trog gifted it to you on level 15 of the Dungeon)
 30133 | D:15     | Found a staircase to the Depths.
 30610 | D:15     | Found a runed translucent door.
 30612 | D:15     | Noticed ZLogic's ghost (journeyman SpEn)
 30813 | D:15     | Found Saedex's Antique Weapon Shop.
 31323 | Snake:1  | Entered Level 1 of the Snake Pit
 31328 | Snake:1  | Reached XP level 16. HP: 143/143 MP: 15/15
 31402 | Snake:1  | Noticed Asterion
 31414 | Snake:1  | Killed Asterion
 31833 | Snake:1  | Identified the +3 kite shield of the Skies Above {rF- rCorr
                  | Dex+2}
 31833 | Snake:1  | Noticed Donald
 31843 | Snake:1  | Killed Donald
 32745 | Snake:2  | Found an iron altar of Okawaru.
 32832 | Snake:2  | Noticed Agnes
 32840 | Snake:2  | Killed Agnes
 33257 | Snake:2  | Reached ****** piety under Trog
 34535 | Snake:4  | Entered Level 4 of the Snake Pit
 35863 | Snake:4  | Received a gift from Trog
 36566 | Snake:4  | Reached skill level 15 in Fighting
 36568 | Snake:4  | Reached XP level 17. HP: 112/156 MP: 16/16
 36583 | Snake:4  | Got a serpentine rune of Zot
 37037 | Vaults:1 | Entered Level 1 of the Vaults
 37462 | Vaults:1 | Paralysed by a great orb of eyes for 7 turns
 37841 | Vaults:1 | Received a gift from Trog
 39241 | Vaults:1 | Received a gift from Trog
 39308 | Vaults:1 | Reached skill level 15 in Armour
 39489 | Vaults:2 | Identified the ring "Ahopnouw" {+Fly rC- MR++ Dex+6} (You
                  | found it on level 2 of the Vaults)
 39834 | Vaults:2 | Reached XP level 18. HP: 168/168 MP: 17/17
 40084 | Vaults:2 | Received a gift from Trog
 40342 | Vaults:2 | Reached skill level 16 in Shields
 40740 | Vaults:2 | Found a staircase to the Crypt.
 41435 | Vaults:3 | Received a gift from Trog
 42204 | Vaults:3 | Received a gift from Trog
 42352 | Vaults:3 | Reached skill level 17 in Shields
 42634 | Vaults:3 | Reached XP level 19. HP: 147/177 MP: 18/18
 42639 | Vaults:3 | Reached skill level 15 in Dodging
 42918 | Vaults:3 | Got a jewelled hat
 42925 | Vaults:3 | Identified the +0 hat of Zezyronk {+Inv rElec rPois} (You
                  | found it on level 3 of the Vaults)
 42931 | Vaults:3 | Found a radiant altar of Vehumet.
 42931 | Vaults:3 | Noticed a lich
 42942 | Vaults:3 | Killed a lich
 43043 | Vaults:3 | Got a warped hat
 43049 | Vaults:3 | Identified the +1 hat "Uwuvoqul" {rC++ SInv} (You found it
                  | on level 3 of the Vaults)
 43367 | Vaults:3 | Received a gift from Trog
 44230 | Vaults:4 | Reached skill level 18 in Shields
 44242 | Vaults:4 | Found Canuvaaz's General Store.
 44819 | Shoals:1 | Entered Level 1 of the Shoals
 45670 | Shoals:2 | Received a gift from Trog
 46440 | Shoals:2 | Noticed Ilsuiw
 46455 | Shoals:2 | Killed Ilsuiw
 46549 | Shoals:2 | Noticed Polyphemus
 46869 | Shoals:4 | Entered Level 4 of the Shoals
 46887 | Shoals:3 | Reached XP level 20. HP: 155/189 MP: 19/19
 47330 | Shoals:4 | Received a gift from Trog
 48195 | Shoals:4 | Noticed Mara
 48198 | Shoals:4 | Noticed sahdkjhfkaj's illusion
 48234 | Shoals:4 | Killed Mara
 48483 | Shoals:4 | Reached skill level 19 in Shields
 48510 | Shoals:4 | Identified Oskeg's Catalogue of Excruciating Translocation
 48881 | Shoals:4 | Got a barnacled rune of Zot
 48938 | Shoals:2 | Killed Polyphemus
 49158 | Slime:1  | Entered Level 1 of the Pits of Slime
 49166 | Slime:2  | Gained mutation: You passively map a small area around you.
                  | [a shining eye]
 49178 | Slime:2  | Gained mutation: You are dopey. (Int -2) [a shining eye]
 49185 | Slime:3  | Received a gift from Trog
 49366 | Slime:4  | Gained mutation: Scrolls take you a little longer to read.
                  | [a shining eye]
 49368 | Slime:5  | Entered Level 5 of the Pits of Slime
 49393 | Slime:5  | Gained mutation: You are frail. (-10% HP) [a shining eye]
 49396 | Slime:5  | Lost mutation: Scrolls take you a little longer to read.
                  | [potion of mutation]
 49396 | Slime:5  | Lost mutation: You are frail. (-10% HP) [potion of
                  | mutation]
 49396 | Slime:5  | Lost mutation: You are dopey. (Int -2) [potion of mutation]
 49396 | Slime:5  | Gained mutation: You have a pair of large horns on your
                  | head. [potion of mutation]
 49396 | Slime:5  | Gained mutation: You have large cloven feet. [potion of
                  | mutation]
 49396 | Slime:5  | Gained mutation: You are robust. (+10% HP) [potion of
                  | mutation]
 49404 | Slime:5  | Gained mutation: You evolve. [a shining eye]
 49460 | Slime:5  | Noticed the Royal Jelly
 49463 | Slime:4  | Gained mutation: Scrolls take you a little longer to read.
                  | [a shining eye]
 50058 | Slime:5  | Gained mutation: Your magical capacity is low. (-10% MP) [a
                  | shining eye]
 50060 | Slime:5  | Gained mutation: You tend to lose your temper in combat. [a
                  | shining eye]
 50064 | Slime:5  | Lost mutation: Your magical capacity is low. (-10% MP)
                  | [potion of mutation]
 50064 | Slime:5  | Lost mutation: You have large cloven feet. [potion of
                  | mutation]
 50064 | Slime:5  | Lost mutation: You are robust. (+10% HP) [potion of
                  | mutation]
 50064 | Slime:5  | Gained mutation: You are frail. (-10% HP) [potion of
                  | mutation]
 50064 | Slime:5  | Gained mutation: You rapidly evolve. [potion of mutation]
 50065 | Slime:5  | Lost mutation: Scrolls take you a little longer to read.
                  | [potion of mutation]
 50065 | Slime:5  | Lost mutation: You are frail. (-10% HP) [potion of
                  | mutation]
 50065 | Slime:5  | Lost mutation: You rapidly evolve. [potion of mutation]
 50065 | Slime:5  | Lost mutation: You evolve. [potion of mutation]
 50065 | Slime:5  | Gained mutation: You are agile. (Dex +2) [potion of
                  | mutation]
 50066 | Slime:5  | Lost mutation: You tend to lose your temper in combat.
                  | [potion of mutation]
 50066 | Slime:5  | Lost mutation: You are agile. (Dex +2) [potion of mutation]
 50066 | Slime:5  | Gained mutation: You are agile. (Dex +2) [potion of
                  | mutation]
 50066 | Slime:5  | Gained mutation: You are somewhat resistant to further
                  | mutation. [potion of mutation]
 50381 | Slime:5  | Found a viscous altar of Jiyva.
 50382 | Slime:5  | Found the +6 lightning scales {run, rElec}
 52133 | Slime:5  | Killed the Royal Jelly
 52133 | Slime:5  | Reached XP level 21. HP: 187/200 MP: 20/20
 52354 | Slime:5  | Got a slimy rune of Zot
 52397 | Slime:5  | Identified Pifol's Grimoire of Confrontation
 52402 | Slime:5  | Got a coiled silver ring
 52412 | Slime:5  | Identified the ring of Incredulity {rC+ Str+4} (You found
                  | it on level 5 of the Pits of Slime)
 53545 | Vaults:4 | Reached skill level 20 in Shields
 53973 | Vaults:4 | Received a gift from Trog
 54753 | Elf:1    | Entered Level 1 of the Elven Halls
 54787 | Orc:2    | Bought a scroll of enchant weapon for 97 gold pieces
 54787 | Orc:2    | Bought a scroll of enchant weapon for 97 gold pieces
 54936 | Elf:1    | You fall into a shaft and drop 1 floor!
 55132 | Elf:1    | Found Woipri's Distillery.
 55343 | Elf:1    | Received a gift from Trog
 55484 | Elf:1    | Identified a scroll of acquirement
 55485 | Elf:1    | Acquired the +1 tower shield "Geptuhe" {MR+}
 55573 | Elf:1    | Noticed Nikola
 55583 | Elf:1    | Killed Nikola
 55965 | Elf:2    | Found a runed translucent gate.
 55968 | Elf:2    | Found a runed translucent gate.
 55969 | Elf:2    | Found a runed translucent gate.
 56221 | Elf:2    | Received a gift from Trog
 56822 | Elf:3    | Entered Level 3 of the Elven Halls
 57288 | Elf:3    | Identified Roxanne's Handbook of Transmutation
 57288 | Elf:3    | Noticed Roxanne
 57298 | Elf:3    | Killed Roxanne
 57352 | Elf:3    | Cast into level 2 of the Abyss (a deep elf sorcerer)
 57680 | Abyss:2  | Reached skill level 21 in Shields
 57915 | Abyss:2  | Paralysed by you for 4 turns
 57984 | Abyss:2  | Paralysed by you for 5 turns
 58114 | Abyss:2  | Reached XP level 22. HP: 174/211 MP: 21/21
 58115 | Abyss:2  | Paralysed by accursed screaming for 1 turns
 58127 | Abyss:2  | Gained mutation: You are frail. (-10% HP) [a neqoxec]
 58162 | Elf:3    | Escaped the Abyss
 62385 | Elf:3    | Identified the +8 flail "Qeid" {vorpal, +Blink}
 62630 | Elf:3    | Received a gift from Trog
 62650 | Elf:3    | Identified the +6 spear of Imminent Death {speed, +Blink
                  | rElec Int+6 Dex-2}
 62652 | Elf:3    | Identified the +7 mace "Tunon" {vorpal, rElec rF+++ MR+
                  | Int-5}
 62679 | Elf:3    | Lost intelligence.
 62682 | Elf:3    | HP: 1/189 [reaper/+2 scythe of venom[a deep elf
                  | demonologist] (24)]
 62688 | Elf:3    | HP: 9/189 [earth elemental[a deep elf elementalist] (18)]
 62970 | Elf:3    | Found the +8 storm bow {elec, penet}
 63426 | Elf:3    | HP: 4/189 [deep elf annihilator/crystal spear (31)]
 63436 | Elf:3    | Killed from afar by a deep elf annihilator

Illustrated notes

Levels and vault maps discovered:
D:1:      lightli_iron_boxes, layout_loops_corners
D:2:      layout_basic, lemuel_tele_altar, uniq_terence
D:3:      layout_basic
D:4:      layout_loops_cross, cheibrodos_sewer_entry_sluice, nrook_mini_vaults,
          dk_noncrumbling_2, serial_bayou_ford_a
D:5:      layout_basic
D:6:      minmay_flawed_box, layout_loops_ring, basic_altar, uniq_duvessa
D:7:      layout_rooms, minmay_temple_entry_sparse_star, serial_shops, shop
D:8:      layout_loops_cross, lemuel_crystal_altar
D:9:      layout_cross, hiddenorc2_lemuel, serial_shops,
          nicolae_shop_behind_doors, shop, shop_fountains, shop
D:10:     hangedman_screamer, layout_irregular_city, kennysheep_windowed_goal,
          uniq_nergalle, uniq_gastronok
D:11:     layout_loops_ring, lair_entry_dummy,
          minmay_the_grid_square_5x5_3x3_mashed
          [minmay_the_grid_square_5x5_corner,
          minmay_the_grid_square_5x5_detours,
          minmay_the_grid_square_5x5_eight_small,
          minmay_the_grid_square_5x5_empty,
          minmay_the_grid_square_5x5_megaprize_open,
          minmay_the_grid_square_5x5_tie, minmay_the_grid_square_5x5_inner_v,
          minmay_the_grid_square_5x5_slash,
          minmay_the_grid_square_5x5_six_small]
D:12:     layout_basic, kb_rosetta, uniq_josephine, uniq_frances, uniq_kirke,
          uniq_sonja
D:13:     layout_basic, david_vaults_5, uniq_urug
D:14:     layout_basic, chequers_big_river, serial_shops, shop, uniq_snorg
D:15:     hangedman_depths_entry_try_elsewhere_first, layout_loops_ring,
          minmay_misc_feat_doors, ebering_ghost_reflecting_pool, serial_shops,
          nicolae_shop_behind_doors
Lair:1:   layout_gridlike, portal_ice_cave_demonic_guard, beast_lair_carwin_2,
          minmay_lair_oklob_chamber
Lair:2:   layout_chaotic_city, roderic_carrion_pond
Lair:3:   layout_chaotic_city, beast_lair_carwin_6, serial_bayou_shore_a,
          grunt_megastairs_2
Lair:4:   layout_loops_ring, elwin_shoals_entry_stream,
          minmay_snake_entry_guardpost_medium, lookout_lair_type
Lair:5:   layout_gridlike, minmay_slime_entry_oklob_enclosed, special_room
          [special_room_bee]
Lair:6:   grunt_lair_end_beastmaster, layout_regular_city, basic_altar
Shoals:1: layout_shoals, serial_shops, shop, nicolae_shoals_undead_eyrie
Shoals:2: layout_shoals, uniq_ilsuiw, uniq_polyphemus
Shoals:3: layout_shoals, serial_shops, shop
Shoals:4: shoals_end_grunt_ice, layout_shoals, shoals_ilsuiw_alternative,
          uniq_mara
Snake:1:  layout_basic, nrook_guardian_serpent_double, uniq_donald,
          uniq_asterion
Snake:2:  layout_cave_shapes, lemuel_oklob_altar, uniq_agnes
Snake:3:  layout_honeycomb
Snake:4:  snake_pit, layout_onion_interference
Slime:1:  layout_caves
Slime:2:  layout_caves
Slime:3:  layout_caves
Slime:4:  layout_caves
Slime:5
Orc:1:    layout_caves, serial_shops, shop
Orc:2:    st_orc_mages, layout_diamond_mine, uniq_azrael
Elf:1:    elf_arrival_001, layout_rooms, serial_shops, shop,
          hangedman_elven_crosses_minicolossus, uniq_nikola
Elf:2:    layout_geoelf_octagon
Elf:3:    minmay_elf_hall_hex, layout_loops_corners, uniq_roxanne
Vaults:1: vaults_room_door_hall, v_misc_26, ontoclasm_vaults_bender,
          vaults_mumra_lcd, nicolae_vaults_statue_guard, vaults_room_pool,
          ontoclasm_vaults_decontamination, v_misc_28,
          vaults_standard_mumra_enter_the_diamond, dpeg_vaults_monster_box,
          vaults_room_fours, layout_vaults_chaotic_city,
          portal_desolation_entry_twin_temple
Vaults:2: vaults_mumra_hex, vaults_mumra_chevron, nicolae_vaults_big_ls,
          hangedman_vaults_variations, vaults_mumra_bighexcomb,
          nicolae_vaults_little_squares_3, blue_anna_dwarven_crypt,
          nicolae_vaults_mini_display_case, layout_vaults_omnigrid
Vaults:3: nicolae_vaults_windows_and_doors_thing, grunt_tower_of_power,
          vaults_room_grid, vaults_room_grid,
          hangedman_vaults_stretched_pinwheel, vaults_mumra_minichess,
          vaults_dpeg_encased_lava, nicolae_vaults_network_square,
          nicolae_vaults_twisting_passages, v_misc_32, v_misc_17,
          vaults_room_stairs_pillars, layout_vaults_omnicross
Vaults:4: nicolae_vaults_little_ls, st_star, v_pattern_4,
          hangedman_vaults_capsules, vaults_room_hallway, grunt_vaults_funnel,
          hangedman_vaults_corner, ontoclasm_vaults_claustrophobia, v_rooms_3,
          vaults_dpeg_hooks, ontoclasm_vaults_spin,
          nicolae_vaults_specimen_jars, grunt_vaults_hallway_long,
          layout_vaults_omnibox, serial_shops, shop

Skill      XL: |  1  2  3  4  5  6  7  8  9 10 11 12 13 14 15 16 17 18 19 20 21 |
---------------+----------------------------------------------------------------+-----
Axes           | 4 5 6 7 8 10 11 12 13 14 15 17 18 | 18.0
Fighting       | 4 5 6 7 8 9 10 11 13 15 16 17 18 19 20 | 20.9
Armour         | 3 4 5 7 8 9 10 11 12 14 15 16 17 18 | 18.8
Dodging        | 3 4 5 6 7 8 9 10 11 13 14 15 16 17 | 17.5
Shields        | 1 2 3 5 6 8 10 11 13 14 15 17 18 19 21 | 21.7
Evocations     | 5 6 10 11 12 13 | 13.9

Action                   |  1- 3 |  4- 6 |  7- 9 | 10-12 | 13-15 | 16-18 | 19-21 | 22-24 || total
-------------------------+-------+-------+-------+-------+-------+-------+-------+-------++-------
Melee: Hand axe          |    56 |   125 |   476 |   845 |   856 |       |       |       ||  2358
       Headbutt          |     8 |    30 |    86 |   202 |   344 |   308 |   451 |    32 ||  1461
       War axe           |       |       |       |    64 |   234 |  1062 |   246 |       ||  1606
       Broad axe         |       |       |       |       |   459 |       |  1129 |   125 ||  1713
       Kick              |       |       |       |       |       |       |    42 |       ||    42
Invok: Berserk           |       |       |     2 |     5 |       |     2 |       |       ||     9
       Trog's Hand       |       |       |     3 |     2 |     9 |     7 |     7 |     7 ||    35
       Brothers in Arms  |       |       |       |     1 |     8 |       |       |       ||     9
Evoke: Condenser vane    |       |       |       |       |     2 |       |     2 |       ||     4
       Wand              |       |       |       |       |     2 |       |     2 |       ||     4
  Use: Scroll            |       |     6 |     9 |     5 |    21 |    11 |    16 |     4 ||    72
       Potion            |       |       |       |     3 |     3 |     1 |     8 |    15 ||    30
 Stab: Confused          |       |       |       |       |     4 |       |       |       ||     4
       Paralysed         |       |       |       |       |     2 |       |     3 |       ||     5
       Distracted        |       |       |       |       |       |     1 |     3 |       ||     4
       Petrified         |       |       |       |       |       |       |     3 |       ||     3
       Petrifying        |       |       |       |       |       |       |     1 |       ||     1
       Invisible         |       |       |       |       |       |       |     3 |       ||     3
Armor: Animal skin       |     3 |       |       |       |       |       |       |       ||     3
       Plate armour      |     5 |    68 |   188 |   265 |   396 |   195 |   226 |    50 ||  1393
Dodge: Dodged            |    35 |    42 |   108 |   246 |   383 |   195 |   331 |    47 ||  1387
Block: Kite shield       |       |    79 |   236 |   516 |   861 |   455 |       |       ||  2147
       Reflection        |       |       |       |       |       |    83 |   108 |    26 ||   217
       Tower shield      |       |       |       |       |       |   397 |  1390 |   234 ||  2021

Table legend: (Time is in decaauts)
 A = Elapsed time spent in this place.
 B = Non-inter-level travel time spent in this place.
 C = Inter-level travel time spent in this place.
 D = Time resting spent in this place.
 E = Time spent auto-exploring this place.
 F = Levels seen in this place.
 G = Mean time per level.
                   A        B        C        D        E       F      G
               +--------+--------+--------+--------+--------+-----+--------+
         Total |  62842 |  59192 |   3650 |  15566 |  34077 |  45 | 1396.5 |
       Dungeon |  19241 |  18181 |   1060 |   2490 |  12381 |  15 | 1282.7 |
          Lair |  10063 |   8836 |   1227 |   1688 |   5985 |   6 | 1677.2 |
        Shoals |   4374 |   4168 |    206 |    838 |   2413 |   4 | 1093.5 |
     Snake Pit |   5491 |   5344 |    147 |   1817 |   2947 |   4 | 1372.8 |
    Slime Pits |   3318 |   3240 |     78 |   2640 |      0 |   5 |  663.6 |
  Orcish Mines |   1792 |   1634 |    158 |    207 |   1089 |   2 |  896.0 |
   Elven Halls |   7975 |   7935 |     40 |   5051 |   2144 |   3 | 2658.3 |
        Vaults |   9190 |   8459 |    731 |    805 |   6134 |   4 | 2297.5 |
         Abyss |    773 |    773 |      0 |     29 |    474 |   1 |  773.0 |
         Sewer |    621 |    621 |      0 |      0 |    508 |   1 |  621.0 |
               +--------+--------+--------+--------+--------+-----+--------+

Top non-repeatable levels by time:
   Elf:3: 6007 daAuts
  Lair:5: 3122 daAuts
    D:10: 2712 daAuts
Vaults:3: 2573 daAuts
Vaults:1: 2458 daAuts
     D:9: 2315 daAuts
 Slime:5: 2258 daAuts
Vaults:2: 2156 daAuts
 Snake:4: 2017 daAuts
Vaults:4: 2003 daAuts
  Lair:6: 1898 daAuts
    D:11: 1772 daAuts
Shoals:4: 1692 daAuts
  Lair:1: 1691 daAuts
    D:15: 1578 daAuts
